AoeStats
← showery-pillow7

Arabia

503493255Analyzed
1v1 RM · 1mo ago on Aug 31, 2026· 29m 57s· 2 players
Game mode
Random Map
Map size
Tiny (2 player)
Population
200
Speed
Normal
Resources
Standard
Victory
Conquest
Starting age
Dark Age
Ending age
Imperial Age
RankedLock teamsTeams togetherTeam positionsShared explorationLock speedFull tech treeHidden civsTurbo modeCheats
Victory
Defeat
🇺🇸 Spanish · United States
1028
+14
🇨🇦 Teutons · Canada
983
-14
showery-pillow7
8:19 Loom
10:50 Feudal Age
11:27 Double-Bit Axe
22:49 Castle Age
21:25 Fletching
24:40 Fletching
GDL Tortas51
0:27 Loom
10:50 Feudal Age
12:54 Double-Bit Axe
13:05 Fletching
14:32 Stone Mining
16:26 Horse Collar
19:08 Town Watch
22:28 Wheelbarrow
26:21 Castle Age
24:32 Gold Mining
24:57 Scale Barding Armor
27:05 Bloodlines
26:45 Pikeman
29:39 Chain Barding Armor
Connection lost

Rejoining the realm…

Still unreachable

The connection could not be restored.

Session expired

The server has moved on; the page needs a fresh start.